Map: Prion Terraces

Players

IlIlIlIlIlIl (desRow)

  • Race: Protoss Protoss
  • League: Master

Miszu - Winner!

  • Race: Terran Terran
  • League: Master

VOD

Have the link to the VOD?

Description

Time

  • Played on: March 11, 2016, 3:09 p.m.
  • Length: 10:57
Show
View Real Time Build Order
Export as new Build Order

IlIlIlIlIlIl Protoss 

Build Orders: 1 Gate Expand, Blink Stalkers 

Get SALT Encoding   

  12  0:01  Probe (Chrono Boost)  
  13  0:12  Probe (Chrono Boost)  
  14  0:17  Pylon  
  14  0:22  Probe (Chrono Boost)  
  15  0:35  Probe (Chrono Boost)  
  16  0:39  Gateway  
  16  0:42  Assimilator  
  16  0:47  Probe (Chrono Boost)  
  17  0:57  Probe (Chrono Boost)  
  18  1:08  Probe (Chrono Boost)  
  19  1:21  Nexus  
  19  1:33  Cybernetics Core  
  19  1:36  Probe (Chrono Boost)  
  21  1:47  Assimilator, Probe (Chrono Boost)  
  21  1:51  Pylon  
  21  1:57  Probe (Chrono Boost)  
  22  2:08  Probe (Chrono Boost)  
  23  2:10  Warp Gate  
  23  2:11  Adept (Chrono Boost)  
  25  2:19  Probe  
  26  2:26  Robotics Facility  
  26  2:31  Probe (Chrono Boost)  
  27  2:38  Probe (Chrono Boost)  
  27  2:43  Probe (Chrono Boost)  
  29  2:44  Twilight Council  
  29  2:49  Probe (Chrono Boost)  
  30  2:54  Probe (Chrono Boost)  
  31  2:59  Probe (Chrono Boost)  
  31  3:04  Probe (Chrono Boost)  
  33  3:10  Probe (Chrono Boost)  
  34  3:13  Gateway x2  
  34  3:16  Probe (Chrono Boost)  
  35  3:20  Observer  
  35  3:22  Probe (Chrono Boost)  
  35  3:26  Probe (Chrono Boost)  
  38  3:32  Probe (Chrono Boost)  
  39  3:37  Probe (Chrono Boost)  
  40  3:42  Blink (Chrono Boost)  
  40  3:43  Observer, Probe  
  40  3:45  Assimilator  
  40  3:46  Assimilator  
  40  3:48  Pylon, Probe  
  43  3:54  Probe  
  43  4:00  Probe  
  45  4:03  Nexus  
  45  4:04  Mothership Core  
  47  4:12  Probe  
  48  4:23  Probe  
  48  4:24  Probe  
  50  4:31  Pylon  
  50  4:34  Probe  
  50  4:36  Probe  
  50  4:37  Stalker  
  54  4:42  Pylon  
  54  4:44  Pylon  
  54  4:49  Templar Archives  
  54  4:50  Stalker x2  
  54  4:51  Forge  
  58  4:53  Probe  
  58  4:54  Probe  
  60  5:04  Pylon  
  60  5:07  Gateway x2  
  60  5:15  Psionic Storm, Stalker x3  
  60  5:18  Resonating Glaives (Chrono Boost)  
  60  5:19  Probe  
  67  5:26  Protoss Ground Weapons Level 1 (Chrono Boost)  
  67  5:35  Gateway  
  67  5:41  Gateway  
  67  5:47  Stalker x2  
  67  5:49  Probe x3  
  74  5:51  High Templar  
  74  5:56  Pylon  
  70  6:12  Stalker  
  70  6:13  Stalker  
  70  6:16  Gateway  
  70  6:17  Gateway, Immortal (Chrono Boost)  
  78  6:22  Assimilator  
  78  6:23  High Templar  
  80  6:28  Pylon x2  
  80  6:32  Adept x3  
  86  6:37  Adept x2  
  90  6:52  Pylon  
  90  6:53  Pylon  
  90  6:54  Adept x2  
  90  6:55  Adept  
  90  6:56  Immortal (Chrono Boost)  
  100  7:04  Adept x3  
  106  7:12  Forge  
  106  7:13  Protoss Ground Armor Level 1  
  100  7:19  Adept x3  
  102  7:24  Probe x3  
  102  7:28  Assimilator  
  105  7:30  Warp Prism (Chrono Boost)  
  105  7:32  Adept x2  
  111  7:43  Adept x4  
  119  8:04  High Templar  
  119  8:05  High Templar, Protoss Ground Weapons Level 2 (Chrono Boost)  
  122  8:08  Adept x4  
  130  8:12  Gateway  
  130  8:28  Adept x3  
  130  8:29  Adept  
  118  8:42  Adept x4  
  118  8:43  Adept  
  118  8:46  Archon  
  102  8:50  Adept x4  
  96  8:57  Archon  
  80  9:07  Stalker x4  
  80  9:08  Immortal (Chrono Boost)  
  82  9:20  Stalker x3  
  82  9:24  High Templar x2  
  88  9:46  Stalker  
  88  9:47  Stalker x6  
  102  9:59  Adept x3  
  108  10:10  High Templar x2  
  108  10:13  Adept x3  
  108  10:14  Adept  
  124  10:30  Adept x3  
  124  10:31  Adept  
  118  10:37  Archon  
  118  10:41  Adept x3  
  95  10:43  Adept  
  95  10:45  Adept  
  83  10:50  Archon  
  83  10:52  Adept x2  
Show
View Real Time Build Order
Export as new Build Order

Miszu Terran - Winner!

Build Orders: Command Center First (CC), MMM Bio 

Get SALT Encoding   

  12  0:01  SCV  
  13  0:13  SCV  
  14  0:17  Supply Depot  
  14  0:25  SCV  
  15  0:39  SCV  
  16  0:51  SCV  
  17  0:58  Command Center  
  17  1:03  SCV  
  18  1:15  SCV  
  19  1:21  Barracks  
  19  1:27  SCV  
  19  1:29  Barracks  
  20  1:39  SCV  
  21  1:43  Barracks  
  21  1:51  SCV  
  23  2:10  Orbital Command  
  23  2:11  Marine  
  23  2:16  Orbital Command  
  23  2:20  Marine  
  24  2:29  Marine  
  25  2:32  Marine  
  25  2:35  SCV  
  27  2:38  Marine  
  27  2:41  SCV  
  28  2:47  Marine  
  28  2:48  Refinery  
  28  2:49  Refinery  
  28  2:50  Marine  
  30  2:52  SCV  
  30  2:53  Supply Depot  
  30  2:54  SCV  
  30  2:56  Marine  
  33  3:04  SCV  
  33  3:05  Marine  
  35  3:06  SCV  
  35  3:08  Marine  
  37  3:13  Marine  
  37  3:16  Supply Depot  
  37  3:17  SCV  
  37  3:18  SCV  
  40  3:23  Barracks Tech Lab  
  40  3:25  Refinery  
  40  3:26  Marine  
  41  3:29  SCV  
  41  3:30  SCV  
  41  3:31  Marine  
  44  3:34  Engineering Bay  
  44  3:37  Supply Depot  
  44  3:41  Marine, SCV  
  45  3:42  SCV  
  45  3:43  Stimpack  
  45  3:44  Marine  
  48  3:49  Marine  
  48  3:53  SCV  
  48  3:54  SCV  
  51  3:57  Factory  
  51  3:59  Marine  
  51  4:01  Marine  
  53  4:05  Supply Depot  
  53  4:07  Missile Turret  
  53  4:09  Terran Infantry Weapons Level 1  
  54  4:10  SCV  
  54  4:11  SCV  
  54  4:16  Missile Turret  
  56  4:17  Marine  
  56  4:21  Barracks Reactor, Barracks Tech Lab  
  56  4:23  SCV x2  
  58  4:33  Supply Depot  
  58  4:35  Marauder, SCV x2  
  62  4:41  Starport, Factory Reactor  
  62  4:42  Marine  
  63  4:47  SCV x2  
  65  4:56  Marine  
  65  4:58  Supply Depot  
  65  4:59  SCV x2  
  68  5:00  Marauder  
  68  5:04  Command Center  
  70  5:07  Marine  
  70  5:08  Marine  
  70  5:11  SCV, Combat Shields  
  70  5:12  SCV  
  73  5:16  Refinery  
  73  5:22  Supply Depot  
  73  5:23  SCV  
  73  5:25  SCV  
  73  5:26  Medivac x2  
  79  5:29  Marauder  
  79  5:31  Marauder  
  79  5:32  Marine  
  84  5:36  SCV  
  84  5:38  Supply Depot, SCV  
  86  5:48  SCV  
  87  5:50  SCV  
  87  5:54  Barracks x2  
  87  5:55  Marine x2  
  90  6:00  SCV  
  90  6:03  SCV  
  85  6:12  SCV  
  85  6:14  Supply Depot  
  85  6:15  SCV  
  85  6:17  Medivac x2  
  93  6:18  Marauder  
  93  6:19  Marine  
  93  6:24  SCV  
  93  6:25  Orbital Command  
  95  6:30  SCV  
  95  6:31  Marine, Marauder  
  99  6:35  Terran Infantry Armor Level 1  
  99  6:36  Marine  
  99  6:39  SCV  
  101  6:42  Barracks Reactor, Barracks Tech Lab  
  101  6:51  Engineering Bay, Armory  
  101  6:52  Marauder  
  103  6:55  Marine x2, Marauder  
  103  6:57  Concussive Shells  
  105  7:02  Medivac  
  105  7:03  Medivac  
  105  7:06  Marauder  
  108  7:13  Marine x3  
  104  7:16  Marine  
  104  7:18  Marine  
  104  7:19  Marine  
  107  7:24  Bunker  
  107  7:26  Supply Depot  
  107  7:27  Supply Depot, Marauder  
  109  7:30  Marine  
  109  7:31  Marine, Marauder  
  109  7:34  Medivac x2, Marauder  
  109  7:36  Marine  
  109  7:37  Marine  
  120  7:40  Barracks  
  120  7:41  Barracks  
  121  7:44  Barracks  
  121  7:45  Terran Infantry Weapons Level 2  
  121  7:52  Marine x2, Marauder  
  121  7:53  Marauder  
  121  7:54  Marine x2  
  121  7:55  Marine  
  129  8:06  Medivac x2  
  129  8:09  Marine  
  134  8:13  Refinery, Marauder, SCV x3  
  134  8:15  Marine x2  
  134  8:16  Refinery  
  141  8:20  Ghost Academy  
  141  8:25  Marine  
  141  8:32  Marauder  
  141  8:33  Marauder  
  125  8:42  Marine  
  125  8:43  Marine, Marauder  
  125  8:47  Marine x4  
  126  8:53  Marauder  
  126  8:54  Marine  
  121  9:00  Marine  
  121  9:01  Marine  
  113  9:04  Marine x2  
  113  9:05  Marine  
  114  9:10  Medivac  
  114  9:11  Medivac  
  114  9:12  SCV x2  
  114  9:13  SCV  
  114  9:16  Barracks Tech Lab  
  119  9:18  Marine x2, Barracks Tech Lab  
  119  9:21  Bunker, Marine  
  119  9:22  Marine  
  119  9:23  Marine  
  122  9:24  SCV x2  
  122  9:25  SCV, Ghost  
  122  9:26  Ghost  
  122  9:30  Barracks Tech Lab  
  125  9:34  Ghost  
  125  9:36  Marine x2, SCV x2, Ghost  
  133  9:40  Marine, Marauder  
  133  9:41  Marine  
  133  9:43  Medivac x2  
  141  10:18  Orbital Command  
  141  10:24  Refinery  
  141  10:25  Marine x2  
  141  10:28  Refinery  
  141  10:33  Marine x4  
  141  10:35  Marine  
Tags
 
Add a new tag
Caveats
  • Supply blocks, unpowered buildings, or Contaminate may cause inaccurate times.
  • Supply counts are checked every 10 seconds.